 Seeded DCSS version 0.29-a0-321-gf1c400731a (webtiles) character file.

Game seed: 16968757970846383692 (custom seed)

8163 Hubjo the Covert (level 11, -4/84 HPs)
             Began as a Demonspawn Monk on Apr 4, 2022.
             Was a High Priest of Vehumet.
             Shot with an arrow by a centaur warrior (11 damage)
             ... on level 13 of the Dungeon.
             The game lasted 00:26:45 (11143 turns).

Hubjo the Covert (Demonspawn Monk)                 Turns: 11143, Time: 00:26:47

Health: -4/84      AC: 16    Str: 11    XL:     11   Next: 6%
Magic:  15/15      EV: 13    Int: 14    God:    Vehumet [*****.]
Gold:   1534       SH:  5    Dex: 27    Spells: 9/16 levels left

rFire   + . .      SeeInvis .   r - +6 lajatang (speed)
rCold   + . .      Faith    .   (shield currently unavailable)
rNeg    . . .      Spirit   .   o - +5 leather armour of Card Tricks {rC++ Dex+3 Stlth+}
rPois   +          Reflect  +   c - +0 helmet of the Sacrificial Victim {rElec rC- Stlth+}
rElec   +          Harm     .   (no cloak)
rCorr   .          Rampage  .   (no gloves)
Will    .....                   x - +2 pair of boots
Stlth   +++++++...              B - amulet of reflection
HPRegen 0.24/turn               t - +6 ring of dexterity
MPRegen 0.14/turn               y - ring of protection from fire

@: studying Stealth
A: slimy green scales 3, powered by death 2, demonic magic 1
a: Renounce Religion


You were on level 13 of the Dungeon.
You worshipped Vehumet.
Vehumet was extremely pleased with you.
You visited 3 branches of the dungeon, and saw 14 of its levels.
You also visited: Sewer.

You collected 1534 gold pieces.

Inventory:

Hand Weapons
 a - a +0 short sword
 r - a +6 lajatang of speed (weapon)
Missiles
 e - a throwing net
 n - 60 poisoned darts (quivered)
Armour
 b - a +0 robe
 c - the +0 helmet of the Sacrificial Victim (worn) {rElec rC- Stlth+}
   (You acquired it on level 9 of the Dungeon)

   rC:        It makes you vulnerable to cold.
   rElec:     It insulates you from electricity.
   Stlth:     It makes you more stealthy.
 o - the +5 leather armour of Card Tricks (worn) {rC++ Dex+3 Stlth+}
   (You found it on level 2 of the Dungeon)

   Dex:       It affects your dexterity (+3).
   rC:        It greatly protects you from cold.
   Stlth:     It makes you more stealthy.
 x - a +2 pair of boots (worn)
 D - +0 acid dragon scales
Jewellery
 t - a +6 ring of dexterity (left hand)
 y - a ring of protection from fire (right hand)
 B - an amulet of reflection (around neck)
Wands
 z - a wand of flame (42)
 A - a wand of paralysis (15)
 G - a wand of digging (4)
 H - a wand of iceblast (28)
Scrolls
 f - 3 scrolls of fog
 g - a scroll of holy word
 j - a scroll of noise
 l - a scroll of identify
 m - 3 scrolls of immolation
 q - 3 scrolls of enchant armour
 s - a scroll of teleportation
 v - a scroll of silence
 I - a scroll of vulnerability
 J - a scroll of torment
Potions
 d - 2 potions of mutation
 h - 4 potions of haste
 i - a potion of cancellation
 k - 2 potions of brilliance
 p - 3 potions of curing
 u - 3 potions of lignification
 w - 2 potions of attraction
 C - 4 potions of might


   Skills:
 + Level 7.5 Fighting
 - Level 2.6 Short Blades
 + Level 4.6 Staves
 - Level 2.6 Dodging
 + Level 11.5 Stealth
 - Level 3.0 Spellcasting
 * Level 10.3 Fire Magic


You had 9 spell levels left.
You knew the following spells:

 Your Spells              Type           Power      Damage    Failure   Level
a - Scorch                Fire           62%        2d8       1%          2
b - Static Discharge      Conj/Air       2%         N/A       11%         2
c - Inner Flame           Hex/Fire       16%        N/A       3%          3

Your spell library contained the following spells:

 Spells                   Type           Power      Damage    Failure   Level
 Starburst                Conj/Fire      8%         6d4       75%         6
 Sticky Flame             Conj/Fire      16%        2d4       10%         4
 Beastly Appendage        Tmut           4%         N/A       28%         1
 Wereblood                Tmut           2%         N/A       38%         2
 Spider Form              Tmut/Pois      2%         N/A       63%         3
 Dispel Undead            Necr           2%         3d7       95%         4


Dungeon Overview and Level Annotations

Branches:
Dungeon (13/15)            Temple (1/1) D:5             Orc (2/2) D:9
  Sewer (visited)
   Lair: D:8-11         Elf: Orc:2       Vaults: D:13-14

Altars:
Ashenzari
Cheibriados
Dithmenos
Elyvilon
Fedhas
Gozag
Hepliaklqana
Kikubaaqudgha
Nemelex Xobeh
Okawaru
Qazlal
Ru
Sif Muna
Trog
Uskayaw
Vehumet
Wu Jian
Yredelemnul
Zin
The Shining One

Shops:
D:8 !

Annotations:
D:8 exclusions: obsidian statue and orange crystal statue


Innate Abilities, Weirdness & Mutations

You are completely covered in slimy green scales. (AC +4, rPois)
You regenerate health from kills.
Spells you cast may paralyse adjacent enemies.


Message History

A centaur warrior comes into view.
You enter the shallow water.
Moving in this stuff is going to be slow.
Found a robe.
l - a scroll of identify You open the door.
There is an open door here.
A centaur comes into view.
A centaur is nearby!
A centaur is nearby!
The centaur shouts!
The centaur warrior shouts!
The centaur wields a +0 shortbow.
The centaur shoots an arrow.
The arrow hits you but does no damage.
A centaur comes into view.
The centaur warrior wields a +0 shortbow.
The centaur warrior shoots an arrow.
The arrow hits you!
The centaur warrior shoots an arrow.
The arrow hits you.
The centaur warrior shoots an arrow.
You reflect the arrow off an invisible shield around you!
The arrow hits the centaur warrior.
You hear a shout!
The centaur warrior shoots an arrow.
The arrow misses you.
The centaur warrior shoots an arrow.
You reflect the arrow off an invisible shield around you!
The arrow hits the centaur warrior!
The centaur warrior shoots an arrow.
The arrow hits you.
The centaur warrior shoots an arrow.
You reflect the arrow off an invisible shield around you!
The arrow hits the centaur warrior!
The centaur warrior shoots an arrow.
The arrow hits you!!
The centaur warrior shoots an arrow.
The arrow hits you.
The centaur warrior shoots an arrow.
The arrow hits you!
* * * LOW HITPOINT WARNING * * *
The centaur warrior shoots an arrow.
The arrow hits you!
* * * LOW HITPOINT WARNING * * *
The centaur wields a +0 shortbow.
The centaur shoots an arrow.
You reflect the arrow off an invisible shield around you!
The arrow barely misses the centaur.
The centaur warrior shoots an arrow.
The arrow hits you!
You die...

####.......#####..##
.##.........####...###########..
..'.........'.....c....c.c......
.##.........###...c..####c..>...
.###.......## #.#.##.# +####..
.# ##.....## #.#.##.# .# ##...##
#...##.# .# ##'## #..###.# ##
#.# #.@# #.# #.# #..###.# ##.##
#......# ##.).#######.#####
#####............#
....##...######### #.#.###.##
#...###.# ##......#


You could see a centaur warrior and a centaur.

Vanquished Creatures
  Harold (D:10)
  2 two-headed ogres
  An orc sorcerer (Orc:1)
  Joseph (D:9)
  A troll (Orc:2)
  A hornet (D:7)
  2 wraiths (D:9)
  A wyvern (D:7)
  Grum (D:10)
  An acid dragon (D:6)
  A water moccasin (D:7)
  4 orc warriors
  3 black bears (D:7)
  A swamp drake (D:9)
  5 centaurs
  2 ogres
  2 wolves (D:10)
  2 phantoms
  5 kobold brigands
  A bullfrog (D:7)
  2 necrophages
  11 scorpions
  4 wights (D:7)
  6 killer bees (D:9)
  3 howler monkeys (D:8)
  A gnoll shaman (D:5)
  An iron imp (D:4)
  6 orc priests
  A hound (D:3)
  A jelly (D:4)
  12 orc wizards
  Natasha (twice) (D:2)
  Robin (D:4)
  9 gnolls
  17 adders
  4 river rats
  A shadow imp (D:6)
  An ufetubus (D:6)
  6 worms
  3 dart slugs
  35 orcs
  9 endoplasms
  3 giant cockroaches
  23 goblins
  10 hobgoblins
  38 kobolds
  4 quokkas
  7 ball pythons
  4 bats
  4 frilled lizards
  16 rats
283 creatures vanquished.

Vanquished Creatures (others)
  An orc wizard (D:8)
1 creature vanquished.

Grand Total: 284 creatures vanquished

Notes
Turn   | Place    | Note
-------+----------+-------------------------------------------
     0 | D:1      | Hubjo the Demonspawn Monk began the quest for the Orb.
     0 | D:1      | Reached XP level 1. HP: 18/18 MP: 1/1
    51 | D:1      | Reached skill level 2 in Stealth
   274 | D:1      | Gained mutation: You regenerate a little health from kills.
                  | [demonic ancestry]
   274 | D:1      | Reached XP level 2. HP: 21/24 MP: 2/2
   828 | D:1      | Gained mutation: You regenerate health from kills. [demonic
                  | ancestry]
   828 | D:1      | Reached XP level 3. HP: 29/29 MP: 4/4
  1014 | D:1      | Reached skill level 1 in Spellcasting
  1246 | D:2      | Identified the +5 leather armour of Card Tricks {rC++ Dex+3
                  | Stlth+}
  1335 | D:2      | Noticed Natasha
  1371 | D:2      | HP: 1/29 [shadow imp/nerve-wracking pain[Natasha] (5)]
  1375 | D:2      | Killed Natasha
  1397 | D:2      | Gained mutation: Spells you cast may paralyse adjacent
                  | enemies. [demonic ancestry]
  1397 | D:2      | Reached XP level 4. HP: 37/37 MP: 5/5
  1446 | D:2      | Reached skill level 3 in Stealth
  1581 | D:2      | Identified 2 scrolls of acquirement
  1581 | D:2      | Acquired a +5 lajatang of speed
  1913 | D:2      | Found a faded altar of an unknown god.
  1960 | D:2      | Noticed Natasha
  1966 | D:2      | Killed Natasha
  2113 | D:3      | Reached XP level 5. HP: 42/42 MP: 7/7
  2421 | D:3      | Reached skill level 1 in Staves
  2788 | D:4      | Reached skill level 4 in Stealth
  2788 | D:4      | Reached XP level 6. HP: 50/50 MP: 7/9
  2811 | D:4      | Found a shadowy altar of Dithmenos.
  2819 | D:4      | Reached skill level 5 in Fighting
  2841 | D:4      | Found a snail-covered altar of Cheibriados.
  2889 | D:4      | Noticed Robin
  2901 | D:4      | Killed Robin
  2991 | D:4      | Gained mutation: You are partially covered in slimy green
                  | scales. (AC +2) [demonic ancestry]
  2991 | D:4      | Reached XP level 7. HP: 54/56 MP: 10/10
  3091 | D:4      | Reached skill level 5 in Stealth
  3136 | D:4      | Found a sacrificial altar of Ru.
  3561 | D:5      | Entered Level 5 of the Dungeon
  3606 | D:5      | Found a staircase to the Ecumenical Temple.
  3614 | Temple   | Entered the Ecumenical Temple
  3716 | Temple   | Became a worshipper of Vehumet
  3716 | Temple   | Reached * piety under Vehumet
  3716 | Temple   | Offered knowledge of Magic Dart by Vehumet.
  3716 | Temple   | Reached ** piety under Vehumet
  3946 | D:5      | Offered knowledge of Scorch by Vehumet.
  3962 | D:5      | Learned a level 2 spell: Scorch
  4027 | D:5      | Reached skill level 1 in Fire Magic
  4283 | D:5      | Reached XP level 8. HP: 64/64 MP: 12/12
  4335 | D:5      | Found an iron altar of Okawaru.
  4415 | D:6      | Offered knowledge of Static Discharge by Vehumet.
  4420 | D:6      | Learned a level 2 spell: Static Discharge
  4560 | D:6      | Reached skill level 6 in Stealth
  4801 | D:6      | Reached skill level 5 in Fire Magic
  4836 | D:6      | Found a broken altar of Ashenzari.
  4920 | D:6      | Reached *** piety under Vehumet
  4953 | D:6      | Found a glowing drain.
  4962 | Sewer    | Entered a sewer
  5035 | Sewer    | Offered knowledge of Inner Flame by Vehumet.
  5040 | Sewer    | Learned a level 3 spell: Inner Flame
  5610 | D:7      | Reached skill level 7 in Stealth
  5642 | D:7      | Gained mutation: You are mostly covered in slimy green
                  | scales. (AC +3) [demonic ancestry]
  5642 | D:7      | Reached XP level 9. HP: 63/69 MP: 13/13
  5692 | D:7      | Found a stormy altar of Qazlal.
  5729 | D:7      | Reached **** piety under Vehumet
  5730 | D:7      | Reached skill level 8 in Stealth
  5914 | D:7      | Offered knowledge of Conjure Flame by Vehumet.
  5915 | D:7      | Reached skill level 9 in Stealth
  6886 | D:8      | Noticed an obsidian statue
  6969 | D:8      | Noticed an orange crystal statue
  6973 | D:8      | Acquired 559 gold pieces
  7091 | D:8      | Found a hazy altar of Hepliaklqana.
  7134 | D:8      | Found Fuisou Izxo's Distillery.
  7398 | D:9      | Noticed Joseph
  7415 | D:9      | Killed Joseph
  7416 | D:9      | Reached skill level 10 in Stealth
  7416 | D:9      | Gained mutation: You are completely covered in slimy green
                  | scales. (AC +4, rPois) [demonic ancestry]
  7416 | D:9      | Reached XP level 10. HP: 42/76 MP: 14/14
  7551 | D:9      | Noticed a two-headed ogre
  7638 | D:9      | Killed a two-headed ogre
  8251 | D:9      | Acquired the +0 helmet of the Sacrificial Victim {rElec rC-
                  | Stlth+}
  8906 | D:9      | Found a staircase to the Orcish Mines.
  8989 | Orc:1    | Entered Level 1 of the Orcish Mines
  8989 | Orc:1    | Noticed an orc sorcerer
  9001 | Orc:1    | Killed an orc sorcerer
  9091 | Orc:2    | Entered Level 2 of the Orcish Mines
  9192 | Orc:2    | Noticed a thrashing horror
  9319 | Orc:2    | Noticed a brown ugly thing
  9344 | Orc:1    | Noticed an orc knight
  9359 | Orc:2    | Reached skill level 11 in Stealth
  9397 | Orc:1    | Noticed a cyclops
  9400 | Orc:1    | Noticed a two-headed ogre
  9621 | D:9      | Reached ***** piety under Vehumet
  9637 | D:10     | Entered Level 10 of the Dungeon
  9643 | D:10     | Offered knowledge of Starburst by Vehumet.
  9725 | D:10     | Noticed Grum
  9728 | D:10     | Noticed a two-headed ogre
 10171 | D:10     | Killed Grum
 10359 | D:10     | Killed a two-headed ogre
 10360 | D:10     | Reached skill level 10 in Fire Magic
 10645 | D:10     | Noticed Harold
 10663 | D:10     | Killed Harold
 10664 | D:10     | Reached XP level 11. HP: 28/84 MP: 15/15
 10910 | D:10     | You fall into a shaft and drop 3 floors!
 10930 | D:13     | Found an ancient bone altar of Kikubaaqudgha.
 10993 | D:13     | Noticed a centaur warrior
 11143 | D:13     | Shot with an arrow by a centaur warrior

Illustrated notes

Levels and vault maps discovered:
D:1:      lemuel_arrival_rhombus, layout_loops_ring,
          hangedman_decor_clover_reticule
D:2:      kennysheep_six_static_rooms, layout_loops_ring,
          shapermc_ecumenical_altar_venn, uniq_natasha
D:3:      layout_basic
D:4:      layout_basic, mainiacjoe_overflow_boulevard,
          mainiacjoe_overflow_alcove_4, slow_altar_1, uniq_robin
D:5:      layout_loops_ring, okawaru_altar_gauntlet_db,
          minmay_temple_entry_ruins, palyth_stone_intersect
D:6:      layout_rooms, nicolae_overflow_hidden_temple,
          lightli_sewer_entry_pipes, minmay_manual_monstrance
D:7:      layout_rooms, mainiacjoe_overflow_six_doors_small,
          minmay_misc_feat_nine_boxes, skrybe_limestone_x
D:8:      minmay_separated_statues, layout_rooms,
          nicolae_hepliaklqana_hippocampus, serial_shops,
          nicolae_shop_advertising_works [nicolae_subvault_shop_adworks]
D:9:      layout_roguey, dreamdust_divine_triumvirate, erik_orc_1,
          hangedman_decor_peaks_small, uniq_joseph
D:10:     layout_cave_pods, grunt_temple_overflow_champion_of_chaos,
          lightli_church_of_beogh, uniq_harold, uniq_grum
D:13:     layout_loops_corners, serial_rivers, chequers_serial_rivers_large_b,
          chequers_serial_rivers_room_b, chequers_serial_rivers_micro_d,
          chequers_serial_rivers_micro_d, dreamdust_deal_with_the_devil,
          nicolae_kikubaaqudgha_miasma_corner
Temple:   compressed_dpeg_circular_temple
Orc:1:    layout_diamond_mine
Orc:2:    grunt_orc_cross, layout_diamond_mine, gammafunk_ghost_abyssal_escape,
          uniq_erolcha

Skill      XL: |  1  2  3  4  5  6  7  8  9 10 |
---------------+-------------------------------+-----
Stealth        | 2 3 4 5 7 10 11 | 11.5
Spellcasting   | 1 2 3 |  3.0
Fighting       | 4 5 6 7 |  7.5
Staves         | 1 2 4 |  4.6
Fire Magic     | 2 6 8 10 | 10.3
Short Blades   | |  2.6
Dodging        | |  2.6

Action                   |  1- 3 |  4- 6 |  7- 9 | 10-12 || total
-------------------------+-------+-------+-------+-------++-------
Melee: Short sword       |   116 |    14 |       |       ||   130
       Punch             |     1 |     1 |       |       ||     2
       Lajatang          |       |   117 |   420 |   207 ||   744
  Use: Potion            |     1 |       |       |     6 ||     7
       Scroll            |       |     4 |     2 |    21 ||    27
 Stab: Sleeping          |     7 |    12 |    17 |     6 ||    42
       Distracted        |       |     2 |     1 |       ||     3
Armor: Robe              |    12 |       |       |       ||    12
       Leather armour    |     8 |    47 |   148 |   116 ||   319
Dodge: Dodged            |    57 |    64 |   222 |   178 ||   521
Block: Other             |       |       |    60 |    81 ||   141
       Reflection        |       |       |     5 |     7 ||    12

Table legend: (Time is in decaauts)
 A = Elapsed time spent in this place.
 B = Non-inter-level travel time spent in this place.
 C = Inter-level travel time spent in this place.
 D = Time resting spent in this place.
 E = Time spent auto-exploring this place.
 F = Levels seen in this place.
 G = Mean time per level.
                   A        B        C        D        E       F      G
               +--------+--------+--------+--------+--------+-----+--------+
         Total |  11173 |  10791 |    382 |   1465 |   6786 |  15 |  744.9 |
       Dungeon |  10184 |   9880 |    304 |   1465 |   6333 |  11 |  925.8 |
        Temple |    111 |    103 |      8 |      0 |     66 |   1 |  111.0 |
  Orcish Mines |    428 |    358 |     70 |      0 |    189 |   2 |  214.0 |
         Sewer |    448 |    448 |      0 |      0 |    197 |   1 |  448.0 |
               +--------+--------+--------+--------+--------+-----+--------+

Top non-repeatable levels by time:
     D:9: 2015 daAuts
    D:10: 1241 daAuts
     D:1: 1234 daAuts
     D:7: 954 daAuts
     D:6: 869 daAuts
     D:2: 850 daAuts
     D:4: 797 daAuts
     D:5: 706 daAuts
     D:3: 657 daAuts
     D:8: 597 daAuts
   Sewer: 448 daAuts
   Orc:2: 297 daAuts
    D:13: 260 daAuts
   Orc:1: 131 daAuts
  Temple: 111 daAuts
